 Dungeon Crawl Stone Soup version 0.19.3-1-g3169bf9 (console) character file.

2305 Grinner the Basher (level 9, -1/97 HPs)
             Began as an Ogre Monk on Jan 27, 2017.
             Was a Believer of Okawaru.
             Killed from afar by an orc wizard (7 damage)
             ... with a magic dart
             ... on level 7 of the Dungeon.
             The game lasted 00:17:12 (6792 turns).

Grinner the Basher (Ogre Monk)                      Turns: 6792, Time: 00:17:13

Health: -1/97      AC:  5    Str: 23    XL:     9   Next: 40%
Magic:  7/9        EV: 17    Int:  9    God:    Okawaru [**....]
Gold:   288        SH:  0    Dex: 15    Spells: 0 memorised, 8 levels left

rFire  . . .     SeeInvis .     a - +0 flail
rCold  . . .     Gourm    +     b - +0 robe
rNeg   . . .     Faith    .     (no shield)
rPois  +         Spirit   .     (helmet restricted)
rElec  .         Reflect  .     s - +1 cloak
rCorr  .         Harm     .     (gloves unavailable)
MR     .....                    (boots unavailable)
Stlth  +++.......               l - amulet of the gourmand
                                (no ring)
                                (no ring)

@: mighty, heroism, drained
A: unfitting armour, poison resistance, tough skin 1
a: Heroism, Renounce Religion


You were on level 7 of the Dungeon.
You worshipped Okawaru.
Okawaru was pleased with you.
You were full.

You visited 2 branches of the dungeon, and saw 8 of its levels.

You collected 288 gold pieces.

Inventory:

Hand Weapons
 a - a +0 flail (weapon)
Armour
 b - a +0 robe (worn)
 s - a +1 cloak (worn)
Jewellery
 l - an amulet of the gourmand (around neck)
Scrolls
 e - a scroll of identify
 h - 2 scrolls of recharging
 j - 3 scrolls of enchant weapon
 r - a scroll of magic mapping
 t - 4 scrolls of remove curse
Potions
 g - a potion of curing
Comestibles
 c - 7 bread rations
 d - a meat ration
 f - a slice of pizza


   Skills:
 + Level 8.9(13.7) Fighting
 * Level 11.8(16.5) Maces & Flails
 + Level 6.2(10.9) Dodging
 - Level 1.4(6.1) Stealth


You had 8 spell levels left.
You didn't know any spells.

Dungeon Overview and Level Annotations

Branches:
Dungeon (7/15)             Temple (1/1) D:6

Altars:
Ashenzari
Cheibriados
Dithmenos
Elyvilon
Fedhas
Gozag
Hepliaklqana
Kikubaaqudgha
Makhleb
Nemelex Xobeh
Okawaru
Qazlal
Ru
Sif Muna
Trog
Uskayaw
Vehumet
Xom
Yredelemnul
Zin


Innate Abilities, Weirdness & Mutations

You are too large for most types of armour.
You have tough skin. (AC +1)
Your system is resistant to poisons. (rPois)


Message History

* * * LOW HITPOINT WARNING * * *
You feel less confused.
Okay, then.
You gain the combat prowess of a mighty hero.
The gnoll hits you from afar with a spear.
* * * LOW HITPOINT WARNING * * *
The gnoll misses you. The orc warrior misses you.
You completely miss the gnoll. The gnoll barely misses you.
You sock the gnoll!
You kill the gnoll!
Okawaru accepts your kill.
The orc warrior hits you from afar with a halberd of protection!
* * * LOW HITPOINT WARNING * * *
You hear some strange, mumbled words.
A puff of flame appears from out of thin air!
The puff of flame hits you!
* * * LOW HITPOINT WARNING * * *
A magic dart appears from out of thin air!
The magic dart hits you!
You die...

#..######.# ##.## #..#
#.# ##...## #..# #.#
#.....###.# #÷.# #.#
#.......... ...## #.#
#..<..###. ....#
#.#####...## #...#
#........##
#...######....(..# #
...........#####@# .#
##..###.#### #.# ..#
#.c###.########)# #..
#.......>......o####.#
##.###...)(o.($o.)..#
#.# #############.##
#.# ##†# #<# #.# #.#
#.#


You could see an orc warrior and an orc.

Vanquished Creatures
  The ghost of jjjjhere the Chiller, a novice VSIE of Sif Muna (D:5)
  An ice beast (D:7)
  A black bear (D:6)
  3 phantoms
  2 centaurs
  2 bullfrogs (D:6)
  A gnoll sergeant (D:6)
  A scorpion (D:5)
  3 wights (D:6)
  5 howler monkeys
  3 crimson imps
  2 bullfrog skeletons
  4 hounds
  A jelly (D:6)
  4 orc priests
  4 orc wizards
  Jessica (D:4)
  An iguana (D:6)
  A worker ant (D:4)
  A hound skeleton (D:7)
  8 gnolls
  13 adders
  A shadow imp (D:6)
  An ooze (D:7)
  An adder skeleton (D:4)
  An adder zombie (D:6)
  2 dart slugs (D:2)
  3 leopard geckos
  16 orcs
  6 giant cockroaches
  7 goblins
  8 hobgoblins
  2 jackals (D:6)
  3 quokkas
  A ball python (D:2)
  6 bats
  2 frilled lizards
  10 kobolds
  A quokka zombie (D:6)
  12 rats
146 creatures vanquished.

Notes
Turn   | Place    | Note
-------+----------+-------------------------------------------
     0 | D:1      | Grinner the Ogre Monk began the quest for the Orb.
     0 | D:1      | Reached XP level 1. HP: 24/24 MP: 1/1
   291 | D:1      | Reached XP level 2. HP: 24/32 MP: 2/2
   756 | D:1      | Reached XP level 3. HP: 38/39 MP: 3/3
   934 | D:1      | Reached skill level 5 in Maces & Flails
  1036 | D:2      | Found a sacrificial altar of Ru.
  1277 | D:2      | Reached XP level 4. HP: 36/49 MP: 4/4
  1703 | D:3      | Reached XP level 5. HP: 51/55 MP: 5/5
  2008 | D:3      | Reached skill level 5 in Fighting
  2050 | D:3      | Reached skill level 6 in Maces & Flails
  2694 | D:4      | Reached skill level 7 in Maces & Flails
  2694 | D:4      | Reached XP level 6. HP: 53/66 MP: 6/6
  2829 | D:4      | Noticed a phantom
  2832 | D:4      | Gained mutation: Your magical capacity is low. (-10% MP) [potion of mutation]
  2832 | D:4      | Gained mutation: Your system is resistant to poisons. (rPois) [potion of mutation]
  2832 | D:4      | Lost mutation: Your magical capacity is low. (-10% MP) [potion of mutation]
  2857 | D:4      | Killed a phantom
  2859 | D:4      | Found a shadowy altar of Dithmenos.
  3094 | D:4      | Found a deep blue altar of Sif Muna.
  3094 | D:4      | Noticed Jessica
  3150 | D:4      | Reached XP level 7. HP: 65/75 MP: 7/7
  3236 | D:4      | Killed Jessica
  3628 | D:5      | Entered Level 5 of the Dungeon
  3646 | D:5      | Reached skill level 8 in Maces & Flails
  3662 | D:5      | Noticed jjjjhere's ghost (novice VSIE)
  3672 | D:5      | Killed jjjjhere's ghost
  3765 | D:5      | Reached skill level 9 in Maces & Flails
  3780 | D:5      | Reached XP level 8. HP: 15/84 MP: 8/8
  4065 | D:5      | Found a blossoming altar of Fedhas.
  4196 | D:5      | Reached skill level 5 in Dodging
  4207 | D:5      | Noticed a hand axe
  4208 | D:5      | Noticed a hand axe
  4209 | D:5      | Found a hide-covered altar of Uskayaw.
  4260 | D:5      | Found a blossoming altar of Fedhas.
  4643 | D:5      | Reached skill level 10 in Maces & Flails
  5577 | D:6      | Found a staircase to the Ecumenical Temple.
  5583 | Temple   | Entered the Ecumenical Temple
  5806 | Temple   | Became a worshipper of Warmaster Okawaru
  5806 | Temple   | Reached * piety under Okawaru
  5806 | Temple   | Reached ** piety under Okawaru
  5861 | D:6      | Reached skill level 11 in Maces & Flails
  5861 | D:6      | Reached XP level 9. HP: 84/96 MP: 9/9
  6792 | D:7      | Killed from afar by an orc wizard

Skill      XL: |  1  2  3  4  5  6  7  8  9 |
---------------+----------------------------+-----
Dodging        | 3 4 5 6 |  6.2
Maces & Flails | 5 7 9 11 | 11.8
Fighting       | 5 6 8 |  8.9
Stealth        | |  1.4

Action                   |  1- 3 |  4- 6 |  7- 9 || total
-------------------------+-------+-------+-------++-------
Melee: Mace              |   129 |   169 |       ||   298
       Flail             |       |       |   341 ||   341
       Punch             |       |       |     2 ||     2
Invok: Heroism           |       |       |     3 ||     3
  Use: Potion            |       |     3 |     6 ||     9
       Scroll            |       |     8 |     7 ||    15
 Stab: Sleeping          |     7 |     2 |     4 ||    13
       Distracted        |     1 |       |       ||     1
  Eat: Chunk             |     2 |    12 |    12 ||    26
Armor: Robe              |    22 |    39 |    62 ||   123
Dodge: Dodged            |    75 |    94 |   186 ||   355
